 Dungeon Crawl Stone Soup version 0.21-a0-404-g291f19a (webtiles) character file.

125 HAL9000 the Ruffian (level 4, -7/44 HPs)
             Began as a Troll Monk on Oct 31, 2017.
             Mangled by zero's ghost (12 damage)
             ... on level 4 of the Dungeon.
             The game lasted 00:04:20 (1944 turns).

HAL9000 the Ruffian (Troll Monk)                    Turns: 1944, Time: 00:04:21

Health: -7/44      AC:  5    Str: 19    XL:     4   Next: 82%
Magic:  3/3        EV: 16    Int:  6    God:
Gold:   173        SH:  0    Dex: 18    Spells: 3/3 levels left

rFire    . . .     SeeInvis .     - Unarmed
rCold    . . .     Gourm    +   (no shield)
rNeg     . . .     Faith    .   a - +0 robe
rPois    .         Spirit   .   (helmet restricted)
rElec    .         Reflect  .   (no cloak)
rCorr    .         Harm     .   (gloves unavailable)
MR       .....                  (boots unavailable)
Stlth    +++.......             (no amulet)
HPRegen  0.54/turn              (no ring)
MPRegen  0.08/turn              (no ring)

@: agile, very slightly contaminated
A: unfitting armour, claws 3, fast metabolism 3, gourmand, regeneration 1,
shaggy fur 1, tough skin 2
a: no special abilities


You were on level 4 of the Dungeon.
You were near starving.

You visited 1 branch of the dungeon, and saw 4 of its levels.

You collected 173 gold pieces.

Inventory:

Missiles
 c - 5 curare-tipped needles
 h - 63 poisoned needles
Armour
 a - a +0 robe (worn)
Scrolls
 e - 5 scrolls of identify {unknown}
 i - 3 scrolls of remove curse {unknown}
 l - a scroll of blinking {unknown}
 m - 2 scrolls of immolation {unknown}
 n - a scroll of amnesia {unknown}
 o - 2 scrolls of teleportation {unknown}
 t - a scroll of magic mapping {unknown}
Potions
 p - a potion of curing
 q - a potion of mutation {unknown}
 r - a potion of brilliance {unknown}
Comestibles
 b - 4 bread rations
 g - 6 fruits
 j - 3 meat rations
 s - a royal jelly


   Skills:
 - Level 2.4 Fighting
 - Level 2.4 Dodging
 - Level 1.0 Stealth
 + Level 5.6 Unarmed Combat


You had 3 spell levels left.
You didn't know any spells.

Dungeon Overview and Level Annotations

Branches:
Dungeon (4/15)
 Temple: D:4-7

Altars:
Gozag
Zin

Annotations:
D:4 zero's ghost, novice DDFi


Innate Abilities, Weirdness & Mutations

You are too large for most types of armour.
You have claws for hands.
Your metabolism is lightning-fast.
You like to eat raw meat.
Your natural rate of healing is unusually fast.
You are covered in fur. (AC +1)
You have very tough skin. (AC +2)


Message History

Zero's ghost hits you but does no damage.
You closely miss zero's ghost.
Zero's ghost is heavily damaged.
You flicker for a moment.
Zero's ghost closely misses you.
You claw zero's ghost! You claw zero's ghost.
Zero's ghost is severely damaged.
Zero's ghost hits you.
You claw zero's ghost!
Zero's ghost is almost destroyed.
Zero's ghost hits you!
* * * LOW HITPOINT WARNING * * *
You barely miss zero's ghost.
Zero's ghost is almost destroyed.
You flicker back into view.
Zero's ghost hits you but does no damage.
You barely miss zero's ghost.
Zero's ghost is almost destroyed.
Zero's ghost hits you!
You die...

..... .....###+# ########
.......... #......###
#......#.##........#
#......#..#......#.#
##......##.#......#.#
.......###........#.####
................W.+...>#
...(<#.#.......)@.#.##.#
######.#.##.......#.##.##
#.#.##..####.#.##..#
#.#.#........#.....#
#.#.#.#..###.#####<#
#.#.#.##.###.#.....#
#.#.#o##..##.#.##..#
#.#.#o###.##.#.##..#
#......##.##.......#


You could see zero's ghost.

Vanquished Creatures
  5 adders
  An ooze (D:1)
  3 worms
  3 dart slugs
  3 leopard geckos
  3 orcs (D:4)
  5 giant cockroaches
  4 goblins
  3 hobgoblins
  5 jackals
  6 kobolds
  2 quokkas
  3 bats
  4 frilled lizards
  6 rats
56 creatures vanquished.

Notes
Turn   | Place    | Note
-------+----------+-------------------------------------------
     0 | D:1      | HAL9000 the Troll Monk began the quest for the Orb.
     0 | D:1      | Reached XP level 1. HP: 22/22 MP: 0/0
   114 | D:1      | Reached XP level 2. HP: 24/29 MP: 1/1
   202 | D:1      | Reached skill level 4 in Unarmed Combat
   221 | D:1      | Reached XP level 3. HP: 35/36 MP: 2/2
  1012 | D:2      | Found an opulent altar of Gozag.
  1223 | D:3      | Reached XP level 4. HP: 39/44 MP: 3/3
  1245 | D:3      | Reached skill level 5 in Unarmed Combat
  1880 | D:4      | Found a glowing silver altar of Zin.
  1880 | D:4      | Noticed zero's ghost (novice DDFi)
  1944 | D:4      | Mangled by zero's ghost

Vault maps used:
D:1:      dpeg_arrival_prison
D:2:      grunt_gozag_statues, first_bread
D:4:      kennysheep_mini_moat, uniq_menkaure

Skill      XL: |  1  2  3  4 |
---------------+-------------+-----
Unarmed Combat | 4 5 |  5.6
Fighting       | |  2.4
Dodging        | |  2.4
Stealth        | |  1.0

Action                   |  1- 3 |  4- 6 || total
-------------------------+-------+-------++-------
Melee: Unarmed           |    89 |    63 ||   152
       Punch             |     1 |     3 ||     4
  Use: Potion            |       |     4 ||     4
 Stab: Sleeping          |     3 |     2 ||     5
       Distracted        |     1 |       ||     1
       Invisible         |       |     3 ||     3
  Eat: Chunk             |     8 |     5 ||    13
Armor: Robe              |    26 |    18 ||    44
Dodge: Dodged            |    36 |    33 ||    69

Table legend:
 A = Spawn XP
 B = Non-spawn XP
 C = Spawn XP percentage of total XP
 D = Spawn monster count
 E = Non-spawn monster count
 F = Spawn count percentage of total count
 G = Total turns spent on level
                    A         B        C        D         E        F      G
               +---------+---------+-------+---------+---------+-------+---------
         Total |       0 |     179 |   0.0 |       0 |      56 |   0.0 |  1944
               +---------+---------+-------+---------+---------+-------+---------
           D:1 |       0 |      49 |   0.0 |       0 |      22 |   0.0 |   508
           D:2 |       0 |      31 |   0.0 |       0 |       9 |   0.0 |   647
           D:3 |       0 |      59 |   0.0 |       0 |      17 |   0.0 |   661
           D:4 |       0 |      40 |   0.0 |       0 |       8 |   0.0 |   128
               +---------+---------+-------+---------+---------+-------+---------
